 Dungeon Crawl Stone Soup version 0.28-a0-1412-gf95308ed99 (webtiles) character file.

Game seed: 15755407085484279864

185 eustatius the Ruffian (level 5, -5/45 HPs)
             Began as a Ghoul Monk on Jan 6, 2022.
             Was a Believer of Makhleb.
             Splashed by a jelly's acid (7 damage)
             ... on level 4 of the Dungeon.
             The game lasted 00:10:36 (3171 turns).

eustatius the Ruffian (Ghoul Monk)                  Turns: 3171, Time: 00:10:36

Health: -5/45      AC: -18   Str: 15    XL:     5   Next: 64%
Magic:  4/4        EV: 13    Int:  5    God:    Makhleb [**....]
Gold:   159        SH:  0    Dex: 13    Spells: 5/5 levels left

rFire   . . .      SeeInvis .     - Unarmed
rCold   + . .      Faith    .   (no shield)
rNeg    + + +      Spirit   .   a - +0 robe
rPois   ∞          Reflect  .   (no helmet)
rElec   .          Harm     .   (no cloak)
rCorr   .          Rampage  .   (no gloves)
Will    .....                   (no boots)
Stlth   ++........              (no amulet)
HPRegen 0.00/turn               (no ring)
MPRegen 0.09/turn               (no ring)

@: corroded, inhibited regen
A: claws 1, cold resistance 1, negative energy resistance 3, inhibited
regeneration, torment resistance 2
a: Renounce Religion, Minor Destruction


You were on level 4 of the Dungeon.
You worshipped Makhleb.
Makhleb was pleased with you.
You visited 1 branch of the dungeon, and saw 4 of its levels.

You collected 159 gold pieces.

Inventory:

Hand Weapons
 i - a +0 hunting sling of freezing
Armour
 a - a +0 robe (worn)
Wands
 k - a wand of iceblast (9) (quivered)
Scrolls
 b - 2 scrolls of enchant weapon
 c - a scroll of magic mapping {unknown}
 e - 2 scrolls of identify
 g - a scroll of fear {unknown}
 h - a scroll of noise {unknown}
 m - 2 scrolls of fog {unknown}
Potions
 d - a potion of cancellation {unknown}
 f - 2 potions of mutation {unknown}
 j - a potion of might {unknown}
 l - a potion of lignification {unknown}


   Skills:
 - Level 3.2 Fighting
 + Level 3.1 Dodging
 + Level 3.0 Stealth
 * Level 5.9 Unarmed Combat
 * Level 0.5 Spellcasting
 * Level 1.0 Invocations


You had 5 spell levels left.
You didn't know any spells.
Your spell library was empty.

Dungeon Overview and Level Annotations

Branches:
Dungeon (4/15)
 Temple: D:4-7

Altars:
Makhleb


Innate Abilities, Weirdness & Mutations

You thrive by killing the living.
You are immune to poison.
You have sharp fingernails.
Your flesh is cold resistant. (rC+)
You are immune to negative energy. (rN+++)
You do not regenerate when monsters are visible.
You are immune to unholy pain and torment.


Message History

You kill the hobgoblin!
Makhleb accepts your kill.
You feel better.
You see here a hobgoblin corpse.
You see here a hobgoblin corpse.
Found a robe.
A jelly comes into view.
The jelly quivers.
You see here a +0 robe.
You barely miss the jelly. The jelly barely misses you.
You scratch the jelly. The acid corrodes you!
Your claws burn!
The jelly is lightly wounded.
The jelly hits you. The acid corrodes you!
You are splashed with acid!
You completely miss the jelly. The jelly barely misses you.
You scratch the jelly but do no damage. The acid corrodes you!
Your claws burn!
The jelly hits you. The acid corrodes you!
You are splashed with acid.
You claw the jelly!
Your claws burn!
The jelly is severely wounded.
The jelly hits you. The acid corrodes you!
You are splashed with acid!
* * * LOW HITPOINT WARNING * * *
Unknown command.
Aiming: Minor Destruction (14% risk of failure)
Press: ? - help, Shift-Dir - straight line, f - jelly
Aim: a jelly (severely wounded)
The jelly writhes in agony.
The jelly misses you.
Aiming: Minor Destruction (14% risk of failure)
Press: ? - help, Shift-Dir - straight line, f/p - jelly
Aim: a jelly (severely wounded)
The glob of acid hits the jelly.
The jelly completely resists.
The jelly is severely wounded.
The jelly completely misses you.
Aiming: Minor Destruction (14% risk of failure)
Press: ? - help, Shift-Dir - straight line, f/p - jelly
Aim: a jelly (severely wounded)
The glob of acid hits the jelly.
The jelly completely resists.
The jelly is severely wounded.
The jelly hits you.
* * * LOW HITPOINT WARNING * * *
You are splashed with acid!
You die...

.. ##### .#
......######## ..
......J@.....# .#
############.# .# ##
#.# .# ...# ######
###.##.#
.....##....#
#......#
#.......#####.###..#
#.##.##.......# #..#
#.##.#.###.###.##
#.##.#.# #..)..#


You could see a jelly.

Vanquished Creatures
  A bullfrog skeleton (D:3)
  An iguana (D:3)
  An orc wizard (D:3)
  3 adders (D:2)
  3 worms
  4 dart slugs
  2 orcs (D:3)
  8 ball pythons
  An endoplasm (D:1)
  2 giant cockroaches (D:3)
  5 goblins
  7 hobgoblins
  10 kobolds
  3 quokkas
  4 bats
  4 frilled lizards
  7 rats
66 creatures vanquished.

Vanquished Creatures (others)
  7 fungi (D:1)
  3 toadstools (D:1)
10 creatures vanquished.

Grand Total: 76 creatures vanquished

Notes
Turn   | Place    | Note
-------+----------+-------------------------------------------
     0 | D:1      | eustatius the Ghoul Monk began the quest for the Orb.
     0 | D:1      | Reached XP level 1. HP: 19/19 MP: 0/0
   261 | D:1      | Reached XP level 2. HP: 14/26 MP: 1/1
   607 | D:1      | Reached skill level 4 in Unarmed Combat
   834 | D:1      | Found a faded altar of an unknown god.
  1033 | D:1      | Reached XP level 3. HP: 29/31 MP: 2/2
  1516 | D:2      | Found a burning altar of Makhleb.
  1706 | D:2      | Reached XP level 4. HP: 38/38 MP: 3/3
  1716 | D:2      | Reached skill level 5 in Unarmed Combat
  2008 | D:2      | Became a worshipper of Makhleb the Destroyer
  2008 | D:2      | Reached * piety under Makhleb
  2008 | D:2      | Reached ** piety under Makhleb
  2180 | D:3      | Reached XP level 5. HP: 45/45 MP: 4/4
  2445 | D:3      | Reached skill level 1 in Invocations
  3171 | D:4      | HP: 2/45 [jelly (2)]
  3171 | D:4      | Splashed by a jelly's acid

Illustrated notes

Levels and vault maps discovered:
D:1:      dpeg_arrival_rhombi, layout_rooms, ebering_ecumenical_altar_hall,
          minmay_misc_feat_alley, minmay_gold_behind_fungi
D:2:      layout_rooms, basic_altar
D:3:      layout_basic, minmay_strange_pillars
D:4:      layout_loops_ring, vehumet_crystals

Skill      XL: |  1  2  3  4  5 |
---------------+----------------+-----
Unarmed Combat | 4 5 |  5.9
Dodging        | 3 |  3.1
Invocations    | 1 |  1.0
Stealth        | 3 |  3.0
Fighting       | |  3.2
Spellcasting   | |  0.5

Action                   |  1- 3 |  4- 6 || total
-------------------------+-------+-------++-------
Melee: Unarmed           |    95 |    74 ||   169
       Punch             |     5 |     1 ||     6
Invok: Minor Destruction |       |     3 ||     3
  Use: Scroll            |       |     1 ||     1
 Stab: Sleeping          |     3 |     6 ||     9
Armor: Robe              |     9 |     8 ||    17
Dodge: Dodged            |    46 |    44 ||    90

Table legend: (Time is in decaauts)
 A = Elapsed time spent in this place.
 B = Non-inter-level travel time spent in this place.
 C = Inter-level travel time spent in this place.
 D = Time resting spent in this place.
 E = Time spent auto-exploring this place.
 F = Levels seen in this place.
 G = Mean time per level.
                   A        B        C        D        E       F      G
               +--------+--------+--------+--------+--------+-----+--------+
         Total |   3155 |   2677 |    478 |    123 |   1973 |   4 |  788.8 |
       Dungeon |   3155 |   2677 |    478 |    123 |   1973 |   4 |  788.8 |
               +--------+--------+--------+--------+--------+-----+--------+

Top non-repeatable levels by time:
     D:1: 1266 daAuts
     D:3: 1019 daAuts
     D:2: 741 daAuts
     D:4: 128 daAuts
